Cogmind - Beta 16.1 @@@ ROGUE MODE // 2026.02.22 @ 13:31:19 Player: delto Result: Self-destructed Performance ------------- Evolutions (5) 2500 Regions Visited (14) 2800 Robots Destroyed (62) 310 Value Destroyed (2215) 2215 Prototype IDs (27) 540 Alien Tech Used (0) 0 Bonus (1138) 1138 TOTAL SCORE: 9503 Bonus ------- Follower Combat Kills 1472 Aligned with FarCom 300 Friendly Fire -634 Cogmind --------- Core Integrity 698/1000 Matter 6/300 Energy 100/100 System Corruption 21% Temperature Cool (0) Movement Core (50) Location -5/Factory Parts ------- > --- POWER (2) -------- (None) > --- PROPULSION (6) --- (None) > --- UTILITY (6) ------ (None) > --- WEAPON (3) ------- (None) > --- INVENTORY (5) ---- Smartbomb Launcher Smartbomb Launcher Peak State ------------ > --- POWER ------------ Antimatter Reactor Antimatter Reactor > --- PROPULSION ------- Heavy Treads Heavy Treads Heavy Siege Treads > --- UTILITY ---------- Huge Storage Unit Experimental Thermal Shield Improved Shield Generator Heart of Steel > --- WEAPON ----------- Mass Driver Enhanced Gauss Cannon Long-range Missile Launcher > --- INVENTORY -------- Antimatter Reactor Antimatter Reactor Light Treads Improved Medium Treads Power Amplifier Power Amplifier Improved Cooling System Energy Well Compact Matter Pod Improved Signal Interpreter Improved Terrain Scanner Improved Targeting Computer Energy Filter Cloaking Device Improved Light Armor Plating Improved Light Armor Plating Damper Plating Thermal Shield Improved Shock Absorption System EM Disruption Field Tractor Beam Long-range Tractor Beam [Rating: 118] Favorites ----------- Power Antimatter Reactor Engine Light Angular Momentum Engine Reactor Antimatter Reactor Propulsion Light Treads Treads Light Treads Wheel Compact Wheel Utility Huge Storage Unit Device Improved Terrain Scanner Storage Huge Storage Unit Processor Makeshift Terrain Scan Processor Hackware System Shield Protection Power Shielding Weapon AWS/Autocannon Energy Gun Beamcaster Energy Cannon Advanced Plasma Cannon Ballistic Gun Heavy Assault Rifle Ballistic Cannon AWS/Autocannon Launcher Grenade Launcher Build | -11 -10 -10 -10 -9 -8 -7 -6 -6 -6 -6 -6 -5 -5 -5 ------- Run | Yrd Mat Min Exi Min Mat Fac Fac Was Fac Low Low Fac Was Fac Slots Evolved 10 | . . . . . 4 2 2 . . . . 2 . . Power 1 | . . . . . . . 1 . . . . . . . Propulsion 4 | . . . . . 1 1 1 . . . . 1 . . Utility 4 | . . . . . 2 1 . . . . . 1 . . Weapon 1 | . . . . . 1 . . . . . . . . . Parts Attached 73 | 8 8 7 . 4 8 1 5 5 4 6 7 3 7 . Power 7 | 1 . 1 . . . . 1 1 1 . . . 2 . Engine 3 | 1 . 1 . . . . 1 . . . . . . . Core . | . . . . . . . . . . . . . . . Reactor 4 | . . . . . . . . 1 1 . . . 2 . Propulsion 12 | 2 . 1 . . 1 1 2 2 1 . . 1 1 . Treads 11 | 1 . 1 . . 1 1 2 2 1 . . 1 1 . Leg . | . . . . . . . . . . . . . . . Wheel 1 | 1 . . . . . . . . . . . . . . Hover . | . . . . . . . . . . . . . . . Flight . | . . . . . . . . . . . . . . . Utility 41 | 3 7 1 . 3 6 . 2 2 2 6 4 1 4 . Device 13 | 2 . . . 1 1 . 1 . . 2 3 1 2 . Storage 4 | 1 2 . . . . . . . . . . . 1 . Processor 15 | . 4 1 . 2 3 . . . . 4 1 . . . Hackware 3 | . 1 . . . 1 . 1 . . . . . . . Protection 6 | . . . . . 1 . . 2 2 . . . 1 . Artifact . | . . . . . . . . . . . . . . . Weapon 13 | 2 1 4 . 1 1 . . . . . 3 1 . . Energy Gun 3 | 1 . 1 . 1 . . . . . . . . . . Energy Cannon 2 | . . 1 . . . . . . . . 1 . . . Ballistic Gun 2 | 1 . 1 . . . . . . . . . . . . Ballistic Cannon 3 | . . . . . 1 . . . . . 1 1 . . Launcher 3 | . 1 1 . . . . . . . . 1 . . . Special Weapon . | . . . . . . . . . . . . . . . Impact Weapon . | . . . . . . . . . . . . . . . Slashing Weapon . | . . . . . . . . . . . . . . . Piercing Weapon . | . . . . . . . . . . . . . . . Special Melee Weapon . | . . . . . . . . . . . . . . . Unidentified Prototypes 2 | . . . . 1 . . . . . . 1 . . . Parts Lost 18 | . . . . . . . 1 . 1 . 1 . 15 . Power 3 | . . . . . . . . . . . . . 3 . Propulsion 6 | . . . . . . . 1 . . . . . 5 . Utility 6 | . . . . . . . . . 1 . 1 . 4 . Weapon 3 | . . . . . . . . . . . . . 3 . Highest Loss Streak 15 | . . . . . . . 1 . 1 . 1 . 15 . To Critical Strikes 6 | . . . . . . . . . . . . . 6 . Average Backups 20 | 4 19 19 20 22 24 23 20 22 20 19 18 20 17 1 Power 1 | . . 1 1 1 2 2 1 2 2 2 2 2 1 . Propulsion 3 | 2 9 5 4 4 3 4 2 3 3 2 2 2 2 . Utility 11 | . 5 10 12 12 11 10 11 12 11 12 13 16 13 . Weapon 3 | . 4 3 3 4 7 7 4 3 3 3 . . . 1 Tool/Special . | . . . . . . . . . . . . . . . Unused Backups 70 | . 1 20 . . 8 6 5 10 3 . 6 . 8 3 Power 6 | . . 2 . . 1 . . 2 1 . . . . . Propulsion 16 | . 1 13 . . . . . 2 . . . . . . Utility 23 | . . 2 . . 2 2 . 5 2 . 1 . 8 1 Weapon 20 | . . 3 . . 5 4 5 1 . . . . . 2 Tool/Special 5 | . . . . . . . . . . . 5 . . . Average Slot Usage (%) 82 | . 100 99 100 100 80 83 85 74 72 73 75 68 55 . Engine 6 | . 14 14 14 14 9 7 13 7 . . . . . . Reactor 5 | . . . . . . . . 4 12 13 13 11 8 . Treads 22 | . 14 23 28 28 26 30 32 21 20 20 20 16 13 . Wheel 1 | . 14 4 . . . . . . . . . . . . Device 15 | . 6 10 14 10 16 22 20 19 17 17 18 16 14 . Storage 8 | . 14 14 14 14 9 7 6 6 6 6 6 5 4 . Processor 2 | . 6 2 . 3 4 . . . . 4 . . . . Protection 2 | . . . . . 4 7 5 6 8 3 . . . . Ballistic Gun 3 | . 14 13 14 14 . . . . . . . . . . Ballistic Cannon 4 | . . . . . 8 7 6 6 6 6 6 9 7 . Launcher 4 | . 12 13 14 4 . . . . . . 4 5 3 . Peak Build Rating 118 | 9 11 16 20 28 56 58 70 94 100 105 108 118 116 2 Average Rating 64 | 5 9 14 17 22 52 57 63 88 95 100 96 109 88 1 On Entrance 50 | . 9 11 16 20 28 54 58 62 93 100 100 93 111 2 Avg Prop Armor Cover (%) 12 | 14 12 12 . . . . . . . . . . . . Naked Turns 84 | . . . . . . . . . . . . . 21 63 Heaviest Build 188 | 13 90 96 96 105 160 161 176 181 188 185 184 153 153 . Greatest Support 210 | 20 20 40 40 40 60 80 100 160 170 170 170 210 210 3 Greatest Overweight (x) 5 | . 5 5 2 2 3 2 1 1 1 1 1 . 2 . Average Overweight (x) 1 | . 4 3 2 2 2 2 1 1 1 1 . . . . Largest Inventory Capacity 25 | 8 25 25 25 25 25 25 25 25 25 25 25 25 25 5 Average Capacity 24 | 5 24 25 25 25 25 25 25 25 25 25 25 25 20 5 Most Carried 25 | 8 25 25 25 25 25 25 23 25 25 25 25 25 25 4 Average Carried 22 | 4 19 21 21 24 24 23 20 24 24 23 22 23 19 3 Final Capacity 25 | 8 25 25 25 25 25 25 25 25 25 25 25 25 5 5 Final Carried 25 | 8 25 20 25 25 25 23 21 25 24 23 22 25 4 4 Class Distribution -------------------- 33% | Scavenger-Tank 18% | Scavenger-Mutant 16% | Scavenger-Skirmisher 15% | Mutant 7% | Bomber 7% | Scavenger-Bomber Dominant Class ---------------- Mutant | -10/Materials Mutant | -10/Mines Scavenger-Mutant | -10/Exiles Scavenger-Mutant | -9/Mines Bomber | -8/Materials Scavenger-Skirmisher | -7/Factory Scavenger-Bomber | -6/Factory Scavenger-Bomber | -6/Waste Scavenger-Tank | -6/Factory Scavenger-Tank | -6/Lower Caves Scavenger-Tank | -6/Lower Caves Scavenger-Skirmisher | -5/Factory Mutant | -5/Waste Mutant | -5/Factory Resources | -11 -10 -10 -10 -9 -8 -7 -6 -6 -6 -6 -6 -5 -5 -5 ----------- Run | Yrd Mat Min Exi Min Mat Fac Fac Was Fac Low Low Fac Was Fac Matter Collected 4006 | 293 199 292 . 189 230 20 73 62 93 167 1493 299 592 4 Remotely 2880 | 80 99 26 . 134 158 . . . 52 157 1287 295 592 . Salvage Created 2529 | 168 81 71 . 223 414 . 89 . 63 80 234 188 918 . Parts 91 | 11 10 5 . 12 19 . 3 . 6 1 10 7 7 . Haulers Intercepted 1 | . . . . . 1 . . . . . . . . . Recyclers Shooed . | . . . . . . . . . . . . . . . Parts Field Recycled . | . . . . . . . . . . . . . . . Retrieved Matter . | . . . . . . . . . . . . . . . Parts Self-Destructed 28 | . . . . . . . . . . 8 20 . . . Prevented . | . . . . . . . . . . . . . . . Parts Restored . | . . . . . . . . . . . . . . . Kills | -11 -10 -10 -10 -9 -8 -7 -6 -6 -6 -6 -6 -5 -5 -5 ------- Run | Yrd Mat Min Exi Min Mat Fac Fac Was Fac Low Low Fac Was Fac Combat Hostiles Destroyed 55 | . 1 1 . 13 13 . 3 . 3 2 11 4 4 . Melee 1 | . . . . . . . . . . . . . 1 . Guns 6 | . . . . 6 . . . . . . . . . . Cannons 31 | . . 1 . . 9 . 3 . 3 2 9 4 . . AOE 17 | . 1 . . 7 4 . . . . . 2 . 3 . Classes Destroyed 17 | 2 5 1 . 2 4 . 1 . 1 . . . 1 . Worker 2 | . 1 1 . . . . . . . . . . . . Builder 1 | . 1 . . . . . . . . . . . . . Tunneler 3 | 3 . . . . . . . . . . . . . . Hauler 1 | . . . . . 1 . . . . . . . . . Recycler 2 | 1 . . . 1 . . . . . . . . . . Operator 1 | . 1 . . . . . . . . . . . . . Drone 2 | . . . . . 2 . . . . . . . . . Watcher 3 | . 1 . . . 1 . 1 . . . . . . . Swarmer 13 | . . . . 4 2 . . . 1 . 6 . . . Grunt 17 | . 1 . . 2 8 . 1 . . . 3 2 . . Brawler 1 | . . . . . 1 . . . . . . . . . Duelist 2 | . . . . . 1 . . . . 1 . . . . Sentry 5 | . . 1 . . 1 . 1 . . 1 1 . . . Hunter 1 | . . . . . . . 1 . . . . . . . Programmer 5 | . . . . . . . . . 2 . 1 2 . . Compactor 4 | . . . . . . . . . . . . . 4 . Assembled 7 | . . . . 7 . . . . . . . . . . Thug 1 | . . . . . . . . . . . . 1 . . Best Kill Streak 8 | 1 2 1 . 8 6 . 4 . 1 2 3 2 2 . Combat Bots Only 7 | . 1 1 . 7 5 . 3 . 1 2 3 2 2 . Max Kills in Single Turn 4 | 1 1 1 . 4 2 . 1 . 1 1 1 1 1 . Gunslinging . | . . . . . . . . . . . . . . . Exploded 3 | . 1 . . 3 2 . . . . . 1 . 1 . Melee 1 | . . . . . . . . . . . . . 1 . Uniques/NPCs Destroyed . | . . . . . . . . . . . . . . . Combat | -11 -10 -10 -10 -9 -8 -7 -6 -6 -6 -6 -6 -5 -5 -5 -------- Run | Yrd Mat Min Exi Min Mat Fac Fac Was Fac Low Low Fac Was Fac Hostile Shots Fired 187 | . 3 16 . 24 23 . 27 . . 12 23 13 38 8 Missed 46 | . 1 6 . 8 6 . 11 . . 3 3 2 . 6 Hits 141 | . 2 10 . 16 17 . 16 . . 9 20 11 38 2 Melee 39 | . . . . 1 . . . . . . . . 38 . Projectile 102 | . 2 10 . 15 17 . 16 . . 9 20 11 . 2 Critical Strikes 23 | . . 2 . 1 . . . . . 1 1 . 18 . Damage Taken 3467 | . 33 169 . 229 139 116 66 . 188 114 354 119 1914 26 Core 402 | . 5 24 . 31 22 . 9 . . 9 . . 276 26 Absorbed by Shields 524 | . . . . . 55 7 57 . 141 96 114 48 6 . Reduced by Siege Mode 75 | . . . . . . . . . . . 7 14 54 . Redirected to Shielding 61 | . . . . . 5 . . . 56 . . . . . Ignored by Resistances 312 | . . . . . . . . . . . 48 48 216 . Core Remaining (%) 93 | 100 . . . 76 96 100 . . . . 97 . . . Volleys Fired 86 | 13 12 7 . 13 . . . . . . 11 9 21 . Largest 3 | 2 2 2 . 2 . . . . . . 3 2 1 . Hottest 188 | 60 50 80 . 79 . . . . . . 188 94 43 . Shots Fired 213 | 26 17 11 . 25 39 . 15 2 5 4 32 18 19 . Gun 61 | 26 11 7 . 17 . . . . . . . . . . Cannon 115 | . . 4 . . 39 . 15 2 5 4 28 18 . . Launcher 37 | . 6 . . 8 . . . . . . 4 . 19 . Special . | . . . . . . . . . . . . . . . Kinetic 144 | 13 11 7 . 13 39 . 15 2 5 4 17 18 . . Thermal 32 | 13 . 4 . 4 . . . . . . 11 . . . Explosive 37 | . 6 . . 8 . . . . . . 4 . 19 . Electromagnetic . | . . . . . . . . . . . . . . . Robot Hit Streak 17 | 4 6 14 . 15 9 . 9 11 16 17 12 8 11 . Robot Miss Streak 3 | 3 3 . . 2 2 . 2 . . 1 3 1 1 . Penetration Max 1 | . . . . . . . . . . . . 1 . . Secondary Targets . | . . . . . . . . . . . . . . . Autonomous 76 | . . . . . 39 . 15 2 5 4 11 . . . Shots Hit Robots 154 | 13 11 11 . 15 31 . 12 2 5 3 19 14 18 . Core Hits 87 | 5 11 3 . 23 12 . 3 . 1 1 13 7 8 . Critical Kills . | . . . . . . . . . . . . . . . Critical Parts Destroyed . | . . . . . . . . . . . . . . . Critical Strikes 9 | . . . . . 5 . 1 . . . 3 . . . Blast 9 | . . . . . 5 . 1 . . . 3 . . . Melee Attacks . | . . . . . . . . . . . . . . . Impact . | . . . . . . . . . . . . . . . Slashing . | . . . . . . . . . . . . . . . Piercing . | . . . . . . . . . . . . . . . Sneak Attacks . | . . . . . . . . . . . . . . . Combat Hostiles . | . . . . . . . . . . . . . . . Follow-up Attacks . | . . . . . . . . . . . . . . . Damage Inflicted 10127 | 132 288 157 . 701 2360 . 975 183 454 193 1680 554 2450 . Guns 490 | 132 70 85 . 203 . . . . . . . . . . Cannons 5877 | . . 72 . . 2360 . 855 183 454 193 1206 554 . . Explosions 3740 | . 218 . . 498 . . 120 . . . 474 . 2430 . Melee . | . . . . . . . . . . . . . . . Ramming 20 | . . . . . . . . . . . . . 20 . Kinetic 5998 | 51 70 85 . 159 2360 . 855 183 454 193 1034 554 . . Thermal 369 | 81 . 72 . 44 . . . . . . 172 . . . Explosive 3740 | . 218 . . 498 . . 120 . . . 474 . 2430 . Electromagnetic . | . . . . . . . . . . . . . . . Impact . | . . . . . . . . . . . . . . . Slashing . | . . . . . . . . . . . . . . . Piercing . | . . . . . . . . . . . . . . . Highest Corruption 21 | . . . . . . 1 . . . . 1 1 21 21 Average Corruption 2 | . . . . . . 1 . . . . 1 1 10 21 Corruption Purged . | . . . . . . . . . . . . . . . Corruption Blocked . | . . . . . . . . . . . . . . . Effects 34 | . . . . . . . . . . . 19 1 12 2 Message Errors 7 | . . . . . . . . . . . 5 . 1 1 Matter Fused 10 | . . . . . . . . . . . 6 1 3 . Heat Flow Errors 7 | . . . . . . . . . . . 5 . 2 . Data Loss (minor) 2 | . . . . . . . . . . . 1 . 1 . Data Loss (major) 2 | . . . . . . . . . . . 1 . 1 . Misfires 1 | . . . . . . . . . . . 1 . . . Misdirections 3 | . . . . . . . . . . . . . 2 1 Weapon Failures 2 | . . . . . . . . . . . . . 2 . Overload Shots . | . . . . . . . . . . . . . . . Overflow Damage 705 | . . . . . 278 . 99 . 151 57 98 . 22 . Projectiles 657 | . . . . . 278 . 93 . 151 57 78 . . . Explosions 48 | . . . . . . . 6 . . . 20 . 22 . Melee . | . . . . . . . . . . . . . . . Knockbacks 22 | . . . . . 7 . 2 . 1 . 4 8 . . Impact . | . . . . . . . . . . . . . . . Kinetic 17 | . . . . . 6 . 2 . 1 . 2 6 . . Secondary 5 | . . . . . 1 . . . . . 2 2 . . Self-Inflicted Damage 318 | . 21 . . . . . . . . . 67 . 230 . Shots 12 | . 2 . . . . . . . . . 2 . 8 . Rammed 11 | . . . . . . . . . . . . . 11 . Targets Rammed 11 | . . . . . . . . . . . . . 11 . Kicked . | . . . . . . . . . . . . . . . Crushed . | . . . . . . . . . . . . . . . Highest Temperature 335 | 40 10 120 . 48 . . . . . 6 335 237 162 . Average Temperature 90 | 19 7 52 . 20 . . . . . 6 114 97 101 . Received Heat Transfer 374 | . . 123 . 51 42 . 17 . 15 25 53 48 . . Effects 1 | . . . . . . . . . . . 1 . . . Short Circuit 1 | . . . . . . . . . . . 1 . . . Siege Activations 12 | . . . . . . . . . . 3 6 1 2 . Total Turns 182 | . . . . . . . . . . 14 61 72 35 . Longest Duration 72 | . . . . . . . . . . 8 25 72 19 . Martial Activations . | . . . . . . . . . . . . . . . Shielding Activations . | . . . . . . . . . . . . . . . Robots Disrupted . | . . . . . . . . . . . . . . . Combat Hostiles . | . . . . . . . . . . . . . . . Robots Corrupted . | . . . . . . . . . . . . . . . Combat Hostiles . | . . . . . . . . . . . . . . . Parts Fried . | . . . . . . . . . . . . . . . Impact Corruptions 1 | . . . . . 1 . . . . . . . . . Robots Melted . | . . . . . . . . . . . . . . . Combat Hostiles . | . . . . . . . . . . . . . . . Parts Melted 2 | . . 1 . . 1 . . . . . . . . . Heat Transferred 684 | 175 . 148 . 111 . . . . . . 250 . . . Parts Sabotaged . | . . . . . . . . . . . . . . . Parts Stolen . | . . . . . . . . . . . . . . . Parts Stripped . | . . . . . . . . . . . . . . . Power Chain Reactions . | . . . . . . . . . . . . . . . Alert | -11 -10 -10 -10 -9 -8 -7 -6 -6 -6 -6 -6 -5 -5 -5 ------- Run | Yrd Mat Min Exi Min Mat Fac Fac Was Fac Low Low Fac Was Fac Maximum Alert Level 2 | . . . . . 1 . . . 2 . . 1 . . Low Security (%) 94 | 100 100 100 . 100 93 100 100 100 78 . . 62 100 100 Level 1 3 | . . . . . 6 . . . 4 . . 37 . . Level 2 2 | . . . . . . . . . 16 . . . . . Level 3 . | . . . . . . . . . . . . . . . Level 4 . | . . . . . . . . . . . . . . . Level 5 . | . . . . . . . . . . . . . . . High Security . | . . . . . . . . . . . . . . . Max Security . | . . . . . . . . . . . . . . . Peak Influence 460 | 5 100 34 . 140 244 110 70 . 460 . . 282 65 . Initial 282 | . . 15 . . . 110 . . . . . 282 47 . Average 45 | . 41 1 . 50 24 19 15 . 159 . . 192 28 . Influence Increases 3921 | 20 280 75 . 204 448 . 205 . 844 720 918 131 76 . Destroy 0b10 Robot/C 1840 | . 120 20 . 120 280 . 80 . 260 340 540 80 . . Destroy 0b10 Robot/NC 100 | 20 50 5 . 5 10 . 5 . 5 . . . . . Destroy Leader 272 | . 26 . . 20 54 . 12 . 70 20 50 20 . . Allied During Kill 1094 | . 14 2 . 12 14 . 10 . 335 360 328 19 . . Trap Triggered on 0b10 40 | . . 40 . . . . . . . . . . . . Successful Hack 103 | . 27 8 . . 20 . 48 . . . . . . . Disable Machine 150 | . . . . . 15 . 30 . 105 . . . . . Destroy Structure 277 | . 43 . . 47 10 . 20 . 69 . . 12 76 . Lose Combat Pursuer 45 | . . . . . 45 . . . . . . . . . Influence Decreases 3921 | 20 241 114 . 204 204 244 205 . 454 687 892 445 211 . Entered New Map 639 | . . 24 . . . 134 . . . 145 81 167 88 . Time Decay 3019 | 20 241 90 . 184 204 110 195 . 404 542 721 238 70 . Lost Part 83 | . . . . . . . 10 . 10 . 10 . 53 . Lost Ally 180 | . . . . 20 . . . . 40 . 80 40 . . Squads Dispatched 12 | . 1 . . . 1 1 3 . 3 . 1 2 . . Investigation 2 | . . . . . 1 . . . . . 1 . . . Extermination 6 | . . . . . . 1 1 . 3 . . 1 . . Reinforcement 4 | . 1 . . . . . 2 . . . . 1 . . Assault . | . . . . . . . . . . . . . . . Garrison . | . . . . . . . . . . . . . . . Intercept . | . . . . . . . . . . . . . . . Searches Triggered . | . . . . . . . . . . . . . . . Construction Impeded 1 | . . . . . . . . . . . . 1 . . Haulers Reinforced 1 | . . . . . . . 1 . . . . . . . Active Scanning Responses . | . . . . . . . . . . . . . . . Cargo Convoy Interrupts . | . . . . . . . . . . . . . . . Stealth | -11 -10 -10 -10 -9 -8 -7 -6 -6 -6 -6 -6 -5 -5 -5 --------- Run | Yrd Mat Min Exi Min Mat Fac Fac Was Fac Low Low Fac Was Fac Distress Signals . | . . . . . . . . . . . . . . . Communications Jammed . | . . . . . . . . . . . . . . . Distress Signals . | . . . . . . . . . . . . . . . Times Spotted 117 | . 13 4 . 13 22 . 5 1 8 14 19 4 5 9 Peak Tracking Total 9 | . 4 2 . 6 9 . 4 1 3 9 7 2 3 9 Tactical Retreats 2 | . . . . . 2 . . . . . . . . . Traps | -11 -10 -10 -10 -9 -8 -7 -6 -6 -6 -6 -6 -5 -5 -5 ------- Run | Yrd Mat Min Exi Min Mat Fac Fac Was Fac Low Low Fac Was Fac Traps Triggered 5 | . . . . . 1 1 1 . . . . 1 . 1 Indirectly . | . . . . . . . . . . . . . . . Trap Hack Attempts . | . . . . . . . . . . . . . . . Triggered . | . . . . . . . . . . . . . . . Disarmed . | . . . . . . . . . . . . . . . Reprogrammed . | . . . . . . . . . . . . . . . Reused 4 | . . 4 . . . . . . . . . . . . Traps Extracted . | . . . . . . . . . . . . . . . Installed 5 | . . 5 . . . . . . . . . . . . Triggered 4 | . . 4 . . . . . . . . . . . . Most Traps Carried 5 | . . 5 . . . . . . . . . . . . Machines | -11 -10 -10 -10 -9 -8 -7 -6 -6 -6 -6 -6 -5 -5 -5 ---------- Run | Yrd Mat Min Exi Min Mat Fac Fac Was Fac Low Low Fac Was Fac Machines Disabled 15 | . . . . . 1 . 2 . 7 2 3 . . . Max in Single Turn 2 | . . . . . 1 . 2 . . . . . . . Machines Repaired . | . . . . . . . . . . . . . . . Machines Dismantled . | . . . . . . . . . . . . . . . Machines Sabotaged . | . . . . . . . . . . . . . . . Overloaded Fab Kills . | . . . . . . . . . . . . . . . Hacking | -11 -10 -10 -10 -9 -8 -7 -6 -6 -6 -6 -6 -5 -5 -5 --------- Run | Yrd Mat Min Exi Min Mat Fac Fac Was Fac Low Low Fac Was Fac Machines Accessed 21 | . 9 1 1 1 1 . 3 . 2 1 2 . . . Terminals 12 | . 7 1 . . 1 . 2 . . . 1 . . . Fabricators . | . . . . . . . . . . . . . . . Repair Stations . | . . . . . . . . . . . . . . . Recycling Units 4 | . 2 . . . . . 1 . 1 . . . . . Scanalyzers 1 | . . . . . . . . . 1 . . . . . Garrison Access . | . . . . . . . . . . . . . . . Total Hacks 49 | . 17 3 1 1 7 . 9 . 5 1 5 . . . Successful 32 | . 12 2 1 1 4 . 4 . 2 1 5 . . . Failed 17 | . 5 1 . . 3 . 5 . 3 . . . . . Catastrophic 1 | . 1 . . . . . . . . . . . . . Database Lockouts . | . . . . . . . . . . . . . . . Manual 38 | . 16 2 1 . 8 . 9 . 2 . . . . . Terminals 34 | . 13 3 . . 7 . 7 . . . 4 . . . Fabricators . | . . . . . . . . . . . . . . . Repair Stations . | . . . . . . . . . . . . . . . Recycling Units 8 | . 4 . . . . . 2 . 2 . . . . . Scanalyzers 3 | . . . . . . . . . 3 . . . . . Garrison Access . | . . . . . . . . . . . . . . . Terminal Hacks 17 | . 3 2 1 1 3 . 1 . . 1 5 . . . Record 5 | . . 1 . . . . . . . . 4 . . . Robot Analysis 1 | . 1 . . . . . . . . . . . . . Open Door 3 | . . . . 1 . . . . . 1 1 . . . Level Access Points 1 | . . . . . 1 . . . . . . . . . Branch Access Points 3 | . 1 1 . . 1 . . . . . . . . . Terminal Index 3 | . 1 . . . 1 . 1 . . . . . . . Proto ID Catalog 1 | . . . 1 . . . . . . . . . . . Fabricator Hacks . | . . . . . . . . . . . . . . . Repair Station Hacks . | . . . . . . . . . . . . . . . Recycling Unit Hacks . | . . . . . . . . . . . . . . . Scanalyzer 2 | . . . . . . . . . 2 . . . . . Insert Component 2 | . . . . . . . . . 2 . . . . . Garrison Access Hacks . | . . . . . . . . . . . . . . . Unauthorized Hacks 13 | . 9 . . . 1 . 3 . . . . . . . Terminals 8 | . 5 . . . 1 . 2 . . . . . . . Botnet 8 | . 5 . . . 1 . 2 . . . . . . . Fabricators . | . . . . . . . . . . . . . . . Repair Stations . | . . . . . . . . . . . . . . . Recycling Units 5 | . 4 . . . . . 1 . . . . . . . Reject 2 | . 2 . . . . . . . . . . . . . Mask 3 | . 2 . . . . . 1 . . . . . . . Scanalyzers . | . . . . . . . . . . . . . . . Garrison Access . | . . . . . . . . . . . . . . . Data Cores Recovered . | . . . . . . . . . . . . . . . Used . | . . . . . . . . . . . . . . . Hacking Detections 16 | . 8 1 . . 1 . 3 . 2 . 1 . . . Full Trace Events 1 | . . . . . . . . . . . 1 . . . Feedback Events . | . . . . . . . . . . . . . . . Feedback Blocked . | . . . . . . . . . . . . . . . Robot Schematics Acquired . | . . . . . . . . . . . . . . . Robots Built . | . . . . . . . . . . . . . . . Authchips . | . . . . . . . . . . . . . . . Time . | . . . . . . . . . . . . . . . Total Robot Build Rating . | . . . . . . . . . . . . . . . Part Schematics Acquired . | . . . . . . . . . . . . . . . Parts Built . | . . . . . . . . . . . . . . . Authchips . | . . . . . . . . . . . . . . . Time . | . . . . . . . . . . . . . . . Total Part Build Rating . | . . . . . . . . . . . . . . . Part Studies Acquired . | . . . . . . . . . . . . . . . Parts Repaired . | . . . . . . . . . . . . . . . Time . | . . . . . . . . . . . . . . . Parts Recycled . | . . . . . . . . . . . . . . . Recycled Matter . | . . . . . . . . . . . . . . . Retrieved Matter . | . . . . . . . . . . . . . . . Retrieved Components . | . . . . . . . . . . . . . . . Parts Scanalyzed . | . . . . . . . . . . . . . . . Part Schematics Acquired . | . . . . . . . . . . . . . . . Parts Damaged . | . . . . . . . . . . . . . . . Bothacking | -11 -10 -10 -10 -9 -8 -7 -6 -6 -6 -6 -6 -5 -5 -5 ------------ Run | Yrd Mat Min Exi Min Mat Fac Fac Was Fac Low Low Fac Was Fac Used RIF Installer . | . . . . . . . . . . . . . . . Robots Hacked . | . . . . . . . . . . . . . . . Non-combat . | . . . . . . . . . . . . . . . Combat . | . . . . . . . . . . . . . . . Robot Hacks Applied . | . . . . . . . . . . . . . . . Relay Couplers Released . | . . . . . . . . . . . . . . . Fabnet Peak Effective % . | . . . . . . . . . . . . . . . Robots Rewired . | . . . . . . . . . . . . . . . Allies Hacked . | . . . . . . . . . . . . . . . Hacks Repelled . | . . . . . . . . . . . . . . . Allies | -11 -10 -10 -10 -9 -8 -7 -6 -6 -6 -6 -6 -5 -5 -5 -------- Run | Yrd Mat Min Exi Min Mat Fac Fac Was Fac Low Low Fac Was Fac Total Allies 26 | 1 . . . . 3 . 2 20 . . . . . . Largest Group 20 | 1 1 1 1 1 1 . 2 20 20 9 9 3 . . Highest-Rated Group 828 | 29 29 29 28 28 16 . 70 828 821 407 407 106 . . Highest-Rated Ally 50 | 29 29 29 28 28 16 . 41 50 50 50 50 46 . . Total Orders . | . . . . . . . . . . . . . . . Ally Attacks 220 | . 14 4 . . 39 . 17 10 69 15 49 3 . . Total Damage 8358 | . 301 34 . . 174 . 235 312 2880 2071 2275 76 . . Kills 63 | . 11 . . . 2 . 1 1 15 15 18 . . . Allies Corrupted . | . . . . . . . . . . . . . . . Allies Melted . | . . . . . . . . . . . . . . . Intel | -11 -10 -10 -10 -9 -8 -7 -6 -6 -6 -6 -6 -5 -5 -5 ------- Run | Yrd Mat Min Exi Min Mat Fac Fac Was Fac Low Low Fac Was Fac Active Infowar (turns) 8995 | 19 315 1651 791 . 502 680 555 659 600 1378 1552 293 . . Optics 408 | . 118 . . . 290 . . . . . . . . . Terrain 8871 | 19 197 1651 791 . 501 680 555 659 600 1378 1547 293 . . Cloaking 971 | . . . . . . . . . . . 971 . . . Robot Analysis Total 1 | . 1 . . . . . . . . . . . . . Derelict Logs Recovered 2 | . . 1 . . . . . . . . 1 . . . Drone Launches 42 | . . . . 6 28 . 8 . . . . . . . Drone Recoveries 36 | . . . . . 32 . 4 . . . . . . . Exploration | -11 -10 -10 -10 -9 -8 -7 -6 -6 -6 -6 -6 -5 -5 -5 ------------- Run | Yrd Mat Min Exi Min Mat Fac Fac Was Fac Low Low Fac Was Fac Turns Passed 15260 | 229 785 2138 791 584 1632 681 738 697 1212 1555 3416 518 221 63 Spaces Moved 6349 | 171 407 813 247 167 490 210 286 256 472 597 1779 250 87 117 Core 161 | 4 . . . . . . . . . . . . 40 117 Treads 5258 | 4 13 440 247 167 490 210 286 256 472 597 1779 250 47 . Legs . | . . . . . . . . . . . . . . . Wheels 930 | 163 394 373 . . . . . . . . . . . . Hover . | . . . . . . . . . . . . . . . Flight . | . . . . . . . . . . . . . . . Fastest Speed 50 | 50 100 175 320 320 320 320 240 240 249 249 166 166 50 50 Average Speed 225 | 100 177 253 320 320 320 320 240 248 249 249 180 166 114 50 Slowest Speed 480 | 160 480 320 320 320 400 320 240 249 249 249 249 166 166 50 Overloaded Moves . | . . . . . . . . . . . . . . . Propulsion Burnouts . | . . . . . . . . . . . . . . . Robots Hopped . | . . . . . . . . . . . . . . . Potential Cave-ins 6 | . . . . . . . . . . . . . 6 . Cave-ins Triggered . | . . . . . . . . . . . . . . . Exploration Rate (%) 45 | 6 63 98 61 42 26 3 8 96 9 77 98 6 85 3 Regions Visited 14 Branch Regions 5 Pre-discovered Areas . | . . . . . . . . . . . . . . . Known Exits Taken 2 | . 1 . . . 1 . . . . . . . . . Unknown Exits Taken 8 | 1 . 1 1 1 . 1 . . 1 1 1 . . . Scrap Searched 5 | . . 1 . 1 . . . . . 1 2 . . . Spaces Dug . | . . . . . . . . . . . . . . . Terrain Destroyed 296 | . 39 . . 61 10 . 22 . . 2 73 4 85 . Melee . | . . . . . . . . . . . . . . . Projectile 29 | . . . . . 10 . 3 . . 2 10 4 . . AOE 267 | . 39 . . 61 . . 19 . . . 63 . 85 . Terrain Rammed . | . . . . . . . . . . . . . . . Walls Destroyed . | . . . . . . . . . . . . . . . Machines Disabled . | . . . . . . . . . . . . . . . Actions | -11 -10 -10 -10 -9 -8 -7 -6 -6 -6 -6 -6 -5 -5 -5 --------- Run | Yrd Mat Min Exi Min Mat Fac Fac Was Fac Low Low Fac Was Fac Total 7165 | 203 454 893 249 190 547 224 339 327 510 660 1952 335 161 121 Wait 321 | . . 1 . 1 6 1 32 27 17 43 112 58 22 1 Move 6337 | 170 406 812 246 166 489 209 286 255 471 596 1778 250 86 117 Hop . | . . . . . . . . . . . . . . . Pick Up 138 | 10 21 27 3 2 17 6 7 16 5 4 10 7 1 2 Fast Attach 15 | 6 1 1 . 1 2 . . 1 1 . . 1 1 . Attach 30 | 1 . . . . 3 2 3 2 2 . 5 2 10 . Detach 11 | . 1 . . . 1 . . 2 2 . 4 1 . . Swap 110 | 1 10 9 . 6 18 . 6 4 6 15 23 5 7 . Drop 100 | 2 3 31 . 1 11 6 5 20 6 2 9 2 1 1 Fire 86 | 13 12 7 . 13 . . . . . . 11 9 21 . Melee . | . . . . . . . . . . . . . . . Ram 9 | . . . . . . . . . . . . . 9 . Kick . | . . . . . . . . . . . . . . . Crush 3 | . . . . . . . . . . . . . 3 . Escape Stasis . | . . . . . . . . . . . . . . . Rewire . | . . . . . . . . . . . . . . . Trap 5 | . . 5 . . . . . . . . . . . . Miscellaneous . | . . . . . . . . . . . . . . . Route ------- -11/Scrapyard -10/Materials (discovered 3 exits: [*Mat] / *Min x2) -10/Mines (discovered 4 exits: [*Mat x2] / *Exi / [*Sub]) -10/Exiles -9/Mines -8/Materials (discovered 3 exits: *Fac x3) -7/Factory -6/Factory -6/Waste -6/Factory -6/Lower Caves -6/Lower Caves (discovered 2 exits: [*Fac] / [*Dat]) -5/Factory -5/Waste -5/Factory History --------- Turn | Location | Event 8 | -11/Scrapyard | Discovered new exit (range 16) 59 | -11/Scrapyard | Botcube activated 69 | -11/Scrapyard | Botcube completed mutation into legged form, armed with 1 gun. 230 | -11/Scrapyard | Entered Materials 230 | -10/Materials | Accompanied by 1 ally 307 | -10/Materials | Build established: Mutant 435 | -10/Materials | Discovered new exit (range 16) 628 | -10/Materials | Discovered new exit (range 18) 788 | -10/Materials | Identified exit to Mines 1015 | -10/Materials | Entered Mines 1015 | -10/Mines | Accompanied by 1 ally 1145 | -10/Mines | YI-UF0 nonchalantly dropped a Grenade Launcher on the ground 1170 | -10/Mines | Learned Materials security intel 1237 | -10/Mines | Found a hidden stash of uninstalled traps 1488 | -10/Mines | Discovered new exit (range 7) 1658 | -10/Mines | Joined a pair of Derelicts in attacking an 0b10 outpost 2178 | -10/Mines | Discovered new exit (range 10) 2348 | -10/Mines | Discovered new exit (range 10) 2406 | -10/Mines | Build established: Scavenger-Mutant 3140 | -10/Mines | Deemed a non-threat by the Exiles lab entrance 3140 | -10/Mines | Discovered new exit (range 5) 3153 | -10/Mines | Entered Exiles 3153 | -10/Exiles | Accompanied by 1 ally 3230 | -10/Exiles | Met 8R-AWN 3281 | -10/Exiles | Met EX-HEX 3381 | -10/Exiles | Met EX-BIN 3480 | -10/Exiles | Aligned with FarCom system 3483 | -10/Exiles | Given EX-Vault access code 3557 | -10/Exiles | Opened EX-Vault 3579 | -10/Exiles | Found AWS/Autocannon 3644 | -10/Exiles | Warned to stay clear of 0b10 Research branches 3687 | -10/Exiles | Exiles lab attacked by MAIN.C 3918 | -10/Exiles | Discovered new exit (range 10) 3944 | -10/Exiles | Left Exiles lab with AWS/Autocannon 3944 | -10/Exiles | Entered Mines 3944 | -9/Mines | Accompanied by 1 ally 4037 | -9/Mines | Met a Derelict bent on vengeance 4085 | -9/Mines | Assembled infested the area 4148 | -9/Mines | Destroyed 7 combat bots 4333 | -9/Mines | Found the Drone Emporium 4348 | -9/Mines | Found Prototype Device 4349 | -9/Mines | Identified Splice Drone Bay 4478 | -9/Mines | Discovered new exit (range 9) 4528 | -9/Mines | Entered Materials 4528 | -8/Materials | Accompanied by 6 allies 4528 | -8/Materials | Evolved 4 slots: Propulsion x1, Utility x2, Weapon x1 5055 | -8/Materials | Identified exit to Factory 5680 | -8/Materials | Build established: Bomber 6160 | -8/Materials | Entered Factory 6160 | -7/Factory | Evolved 2 slots: Propulsion x1, Utility x1 6475 | -7/Factory | Build established: Scavenger-Skirmisher 6784 | -7/Factory | Discovered new exit (range 16) 6841 | -7/Factory | Entered another Factory area 6841 | -6/Factory | Evolved 2 slots: Power x1, Propulsion x1 7394 | -6/Factory | Build established: Scavenger-Bomber 7579 | -6/Factory | Sucked down chute 7579 | -6/Factory | Entered Waste 7580 | -6/Waste | Joined by Warlord forces that had cleared the area 7617 | -6/Waste | Found Prototype Device 7769 | -6/Waste | Found Damper Plating 8109 | -6/Waste | A Compactor rumbled back to life 8109 | -6/Waste | Spotted C-40 Crusher 8111 | -6/Waste | Allies destroyed C-40 Crusher 8175 | -6/Waste | Discovered new exit (range 13) 8276 | -6/Waste | Entered Factory 8276 | -6/Factory | Accompanied by 20 allies 8509 | -6/Factory | Build established: Scavenger-Tank 8797 | -6/Factory | Identified Exp. Thermal Shield 9282 | -6/Factory | Lost 4 allies 9448 | -6/Factory | Discovered new exit (range 9) 9488 | -6/Factory | Entered Lower Caves 9488 | -6/Lower Caves | Accompanied by 9 allies 9816 | -6/Lower Caves | Encountered a Warlord checkpoint 10322 | -6/Lower Caves | Attracted the attention of an 0b10 outpost 10827 | -6/Lower Caves | Build established: Scavenger-Skirmisher 10858 | -6/Lower Caves | Discovered new exit (range 15) 11043 | -6/Lower Caves | Entered another Lower Caves area 11043 | -6/Lower Caves | Accompanied by 9 allies 11047 | -6/Lower Caves | Discovered new exit (range 5) 11103 | -6/Lower Caves | Learned Factory terminal intel 11112 | -6/Lower Caves | Entered a destroyed Warlord outpost 11604 | -6/Lower Caves | Attracted the attention of an 0b10 base 11677 | -6/Lower Caves | Learned Factory security intel 11758 | -6/Lower Caves | Build established: Scavenger-Tank 11794 | -6/Lower Caves | AWS/Autocannon suddenly broke down 12341 | -6/Lower Caves | Discovered new exit (range 10) 12345 | -6/Lower Caves | Encountered a Warlord checkpoint 12657 | -6/Lower Caves | Found Prototype Device 12666 | -6/Lower Caves | Identified Heart of Steel 14430 | -6/Lower Caves | Build established: Scavenger-Mutant 14459 | -6/Lower Caves | Entered Factory 14459 | -5/Factory | Accompanied by 3 allies 14459 | -5/Factory | Evolved 2 slots: Propulsion x1, Utility x1 14461 | -5/Factory | Loaded intel: 27 terminal locations 14527 | -5/Factory | Discovered new exit (range 10) 14977 | -5/Factory | Sucked down chute 14977 | -5/Factory | Entered Waste 14992 | -5/Waste | EMP discharged 15049 | -5/Waste | Spotted C-40 Crusher 15052 | -5/Waste | Destroyed C-40 Crusher 15055 | -5/Waste | Spotted C-40 Crusher 15068 | -5/Waste | Destroyed C-40 Crusher 15087 | -5/Waste | Spotted C-40 Crusher 15088 | -5/Waste | Spotted C-40 Crusher 15092 | -5/Waste | EMP discharged 15092 | -5/Waste | System corruption reached 10% 15097 | -5/Waste | Destroyed C-40 Crusher 15105 | -5/Waste | Spotted C-40 Crusher 15116 | -5/Waste | Spotted C-40 Crusher 15117 | -5/Waste | Crushed by Compactor (1 part destroyed, 1 dropped) 15120 | -5/Waste | Crushed by Compactor (1 part destroyed) 15123 | -5/Waste | Crushed by Compactor (0 parts destroyed, 1 dropped) 15129 | -5/Waste | Crushed by Compactor (0 parts destroyed, 1 dropped) 15132 | -5/Waste | Crushed by Compactor (1 part destroyed, 1 dropped) 15141 | -5/Waste | Crushed by Compactor (0 parts destroyed, 1 dropped) 15141 | -5/Waste | Destroyed C-40 Crusher 15145 | -5/Waste | Crushed by Compactor (1 part destroyed) 15147 | -5/Waste | Crushed by Compactor (0 parts destroyed, 1 dropped) 15150 | -5/Waste | Crushed by Compactor (0 parts destroyed, 1 dropped) 15151 | -5/Waste | Crushed by Compactor (1 part destroyed) 15172 | -5/Waste | Crushed by Compactor (1 part destroyed) 15177 | -5/Waste | Crushed by Compactor (1 part destroyed, 1 dropped) 15190 | -5/Waste | Discovered new exit (range 15) 15192 | -5/Waste | EMP discharged 15198 | -5/Waste | Entered Factory 15208 | -5/Factory | Lost 15 parts (3p5n4u3w) 15234 | -5/Factory | Spotted B-75 Beast 15261 | -5/Factory | Self-destructed Last Messages --------------- 15183_ EM Disruption Field crushed. 15184_ Cloaking Device crushed. 15185_ Imp. Signal Interpreter crushed. 15185_ Imp. Trap Scanner crushed. 15185_ Imp. Light Armor Plating crushed. 15190_ EXIT=FOUND 15192_ System corrupted (+7). 15193_ System corrupted: Matter fused (-8). LOCATION=UNKNOWN GOAL=ESCAPE 15198_ Receiving FarCom transmissions... 15203_ Dropped Damper Plating. 15204_ Acquired Smartbomb Launcher. [A new version of Cogmind is available, see F1 News page.] 15230_ TEK,W GLOLNY:K=GSO XX=EYZVFSCVRA 15260_ G-50 Soldier emerges from a hatch in the floor. Map ----- +----------------------------------------------------+ | | | | | | | | | | | | | | | | | | | | | | | | | ?????????????????????????????????????????????????? | | ?????????????????????????????????????????????????? | | ?????????????????????????????????????????????????? | | ?????????????????????????????????????????????????? | | ?????????????????????????????????????????????????? | | ?????????????????????????????????????????????????? | | ?????????????????????????????????????????????????? | | ????????????#######??????????????????????????????? | | ????????????# ?????????????????????????????? | | ????????????# ?########+#+###??????????????? | | ????????????# # #??????????????? | | ????????????# # b ssss #??????????????? | | ????????????# + b s"" + ????????????? | | ????????????# # g @ "" #??????????????? | | ????????????# ]]] # """" T" #??????????????? | | ????????????# ]] ?# """" "" ##??????????????? | | ????????????# ]] ?# """" "" #???????????????? | | ????????????#######??# """" #???????????????? | | ?????????????????????# """" #???????????????? | | ?????????????????????# """" #???????????????? | | ?????????????????????# #???????????????? | | ?????????????????????# """" #???????????????? | | ?????????????????????# """" #???????????????? | | ?????????????????????# """" ####????????????? | | ?????????????????????# """" #????????????? | | ?????????????????????# """" #????????????? | | ?????????????????????# """" #????????????? | | ?????????????????????# #????????????? | | ?????????????????????# #????????????? | | ? ???????????????????# #####+####????????????? | | ? "#######+########## # #????????????? | | ? # #????????????? | | ? # [ !#????????????? | | # ! #????????????? | | ?? # ] #????????????? | | ????""""""" # ]] #????????????? | | ??????""""" ######## ]] #????????????? | | ??????""""" #??????# #?########???? | +----------------------------------------------------+ Best States ------------- Heat Dissipation 64 Energy Generation 43 Energy Capacity 550 Matter Stores 300 Matter Capacity 300 Sight Range 20 Terrain Scan Range 16 Terrain Scan Density 135 Cloak Strength 2 Power Amplification 20 Armor Coverage 300 Resistance: TH 30 Resistance: EX 50 Power Shielding 33 Propulsion Shielding 66 Evasion (%) 50 Targeting Accuracy 10 Target Analysis 5 Recoil Reduction 6 Offensive Hacking 10 Defensive Hacking 12 Item Schematics ----------------- None Robot Schematics ------------------ None Fabricated ------------ Nothing Repaired ---------- Nothing Studied --------- None Alien Tech Used ----------------- None Achievements -------------- None Challenges ------------ None Game ------ Seed MassForceMegatreads Manual? 0 Play Time 01:39:51 Cumulative 121.2 hours Start 2026.02.21 @ 14:39:36 End 2026.02.22 @ 13:31:19 Sessions 7 Manual Loads 0 Difficulty Rogue Special Mode None Game No. 148 Rogue 148 Adventurer 0 Explorer 0 Win Type - Total 1 Types 1/0/0/0/0/0/0/0/0/0 Lore% 26 Gallery% 46 Achievement% 32 Wizard Run 0 Options --------- Layout 0 ASCII 0 Keyboard 0 Movement Mouse Keybinds 0 Fullscreen 1 Font 24/Smallcaps Map View 76x50 Zoom Use 0% Tactical HUD 1 Map Filters NONE Filters NONE Steam 1 RUN: 91842d30-a9db-4c8f-9432-545318bd987a